 Dungeon Crawl Stone Soup version 0.25-a0-578-gc91f01c39c (webtiles) character file.

Game seed: 12194219088310955771, levelgen mode: deterministic

182 Flugslaktarn the Chopper (level 5, -16/49 HPs)
             Began as a Deep Dwarf Fighter on Mar 4, 2020.
             Was an Initiate of Makhleb.
             Demolished by an ogre
             ... wielding a cursed -2 giant club
              (21 damage)
             ... on level 4 of the Dungeon.
             The game lasted 00:00:38 (684 turns).

Flugslaktarn the Chopper (Deep Dwarf Fighter)        Turns: 684, Time: 00:00:39

Health: -16/49     AC:  7    Str: 20    XL:     5   Next: 35%
Magic:  6/6        EV:  7    Int:  9    God:    Makhleb [......]
Gold:   59         SH:  9    Dex: 12    Spells: 4/4 levels left

rFire    . . .     SeeInvis .   a - +0 war axe
rCold    . . .     Gourm    .   c - +0 kite shield
rNeg     . . .     Faith    .   b - +0 scale mail
rPois    .         Spirit   .   (no helmet)
rElec    .         Reflect  .   (no cloak)
rCorr    .         Harm     .   (no gloves)
MR       .....                  (no boots)
Stlth    ..........             (no amulet)
HPRegen  0.00/turn              (no ring)
MPRegen  0.10/turn              (no ring)

@: non-regenerating
A: damage resistance, heal wounds, sense surroundings 1, no regeneration
a: Heal Wounds, Renounce Religion


You were on level 4 of the Dungeon.
You worshipped Makhleb.
Makhleb was noncommittal.
You were not hungry.

You visited 1 branch of the dungeon, and saw 4 of its levels.

You collected 59 gold pieces.

Inventory:

Hand Weapons
 a - a +0 war axe (weapon)
Armour
 b - a +0 scale mail (worn)
 c - a +0 kite shield (worn)
Jewellery
 k - an uncursed ring of stealth {unknown}
   (You found it on level 3 of the Dungeon)
Scrolls
 f - 3 scrolls of remove curse {unknown}
 g - a scroll of teleportation {unknown}
 j - a scroll of amnesia {unknown}
Potions
 d - a potion of might
 i - a potion of stabbing {unknown}
Comestibles
 e - 3 rations
 h - 5 chunks of flesh


   Skills:
 + Level 3.3 Fighting
 * Level 4.1 Axes
 + Level 4.0 Armour
 + Level 4.0 Shields
 + Level 2.0 Invocations


You had 4 spell levels left.
You didn't know any spells.
Your spell library was empty.

Dungeon Overview and Level Annotations

Branches:
Dungeon (4/15)
 Temple: D:4-7

Altars:
Ashenzari
Makhleb

Annotations:
D:4 Menkaure


Innate Abilities, Weirdness & Mutations

You are resistant to damage.
You can heal yourself by infusing magical energy.
You passively map a small area around you.
You do not regenerate.


Message History

The ogre is moderately wounded.
The ogre barely misses you.
Menkaure calls on the powers of darkness!
The adder convulses!
The ogre convulses!
Your body is wracked with pain!
Your shield and scale mail prevent you from hitting the ogre.
The ogre is heavily wounded.
You block the ogre's attack.
The ogre hits you with a cursed -2 giant club!
Your scale mail prevents you from hitting the ogre.
The ogre is heavily wounded.
Menkaure breathes soot at you.
The ogre hits you with a cursed -2 giant club!
* * * LOW HITPOINT WARNING * * *
You are too injured to fight recklessly!
You are too injured to fight recklessly!
You are too injured to fight recklessly!
There are monsters nearby!
You fail to use your ability.
The ogre hits you with a cursed -2 giant club!!
You die...

, * ,#.# * ,
..# * ,* ..#
* *#.# , *
#M# * * * *,
#S# ,
#.###O####.#
#...@......#
#####.######
* * #)#### *
, , #.#..,
,, * * *
#.#.#*** *
.. ###
#.#.## , ,,
., ,..#
#รท...#### ,
, ,. #.#
#.)#....# ,
#,#. #.#
#....##.#,


You could see an ogre, Menkaure and an adder.

Vanquished Creatures
  An ogre (D:4)
  A crimson imp (D:2)
  An adder (D:2)
  An ooze (D:1)
  A dart slug (D:2)
  6 orcs
  2 giant cockroaches
  4 goblins
  4 hobgoblins
  6 jackals
  3 kobolds
  5 bats
  2 frilled lizards
  A rat (D:3)
38 creatures vanquished.

Notes
Turn   | Place    | Note
-------+----------+-------------------------------------------
     0 | D:1      | Flugslaktarn the Deep Dwarf Fighter began the quest for the
                  | Orb.
     0 | D:1      | Reached XP level 1. HP: 20/20 MP: 1/1
    63 | D:1      | Reached XP level 2. HP: 20/27 MP: 2/2
   349 | D:2      | Found a burning altar of Makhleb.
   349 | D:2      | Noticed a crimson imp
   365 | D:2      | Became a worshipper of Makhleb the Destroyer
   378 | D:2      | Killed a crimson imp
   378 | D:2      | Reached skill level 1 in Invocations
   378 | D:2      | Reached XP level 3. HP: 20/34 MP: 3/3
   443 | D:2      | Reached XP level 4. HP: 42/42 MP: 4/4
   548 | D:3      | Found a shattered altar of Ashenzari.
   651 | D:4      | Noticed an ogre
   658 | D:4      | Killed an ogre
   658 | D:4      | Reached XP level 5. HP: 32/49 MP: 6/6
   674 | D:4      | Noticed an ogre
   676 | D:4      | Noticed Menkaure
   684 | D:4      | Demolished by an ogre

Levels and vault maps discovered:
D:1:      heliophobic_arrival_battle_scene, layout_basic,
          serial_co_window_serial, co_window_paths_a, co_window_paths_b,
          co_window_paths_b, co_window_paths_a, co_window_of_opportunity_a,
          co_window_corner_a, co_window_paths_c, co_window_cross_3,
          co_window_unsneaky_path_a, co_window_4corner_a, glass_columns_b,
          glass_columns_b, glass_columns_b, glass_columns_a
D:2:      minmay_general_purpose_star, layout_loops_ring, makhleb_grotto_becter,
          first_ration
D:3:      layout_rooms, old_standard_altar, old_standard_altar,
          evilmike_ruin_ashenzari, minmay_circle_x, uniq_ijyb, uniq_jessica
D:4:      layout_loops_ring, minmay_temple_entry_statues_pillars, uniq_menkaure

Skill      XL: |  1  2  3  4 |
---------------+-------------+-----
Fighting       | 3 |  3.3
Axes           | 3 4 |  4.1
Invocations    | 1 2 |  2.0
Armour         | 4 |  4.0
Shields        | 4 |  4.0

Action                   |  1- 3 |  4- 6 || total
-------------------------+-------+-------++-------
Melee: War axe           |    65 |    55 ||   120
 Abil: Heal Wounds       |     1 |     1 ||     2
Armor: Scale mail        |    31 |    20 ||    51
Dodge: Dodged            |    22 |    16 ||    38
Block: Kite shield       |    38 |    39 ||    77

Table legend:
 A = Non-vault XP
 B = Vault XP
 C = Vault XP percentage of total XP
 D = Non-vault monster count
 E = Vault monster count
 F = Vault count percentage of total count
                 A         B        C        D         E       F
            +---------+---------+-------+---------+---------+-------
      Total |     189 |      72 |  27.6 |      32 |       6 |  15.8
            +---------+---------+-------+---------+---------+-------
        D:1 |      26 |       0 |   0.0 |      11 |       0 |   0.0
        D:2 |      10 |      72 |  87.8 |       5 |       6 |  54.5
        D:3 |      25 |       0 |   0.0 |      12 |       0 |   0.0
        D:4 |     128 |       0 |   0.0 |       4 |       0 |   0.0
            +---------+---------+-------+---------+---------+-------
